Cogmind - Beta 16 @@@ ROGUE MODE // 2025.12.29 @ 22:40:07 Player: BlobtheGreat Result: Destroyed by S-43 Plague with Heavy Machine Gun Performance ------------- Evolutions (9) 4500 Regions Visited (23) 4600 Robots Destroyed (155) 775 Value Destroyed (6985) 6985 Prototype IDs (87) 1740 Alien Tech Used (0) 0 Bonus (6963) 6963 TOTAL SCORE: 25563 Bonus ------- High Alert Combat Kills 51 Follower Combat Kills 3412 Awakened Behemoth Slayer 1000 Aligned with FarCom 300 Met Imprinter 300 Was Imprinted 300 Built Enhanced Grunts 300 A7 Reached Mainframe 300 Met R17 at Cetus 500 Scanned by Researcher 500 Cogmind --------- Core Integrity 0/1600 Matter 273/300 Energy 100/100 System Corruption 21% Temperature Cool (0) Movement Core (50) Location -1/Access Parts ------- > --- POWER (2) -------- (None) > --- PROPULSION (6) --- (None) > --- UTILITY (14) ----- (None) > --- WEAPON (3) ------- (None) > --- INVENTORY (5) ---- Faulty Experimental Myomer Leg Energy Well (350) Layered Medium Armor Plating Centrium Medium Armor Plating CR-A16's Behemoth Slayer Peak State ------------ > --- POWER ------------ Antimatter Reactor Compact Particle Reactor > --- PROPULSION ------- Zionite Composite Leg I Improved Thunder Leg Improved Thunder Leg Experimental Myomer Leg Heavy Shield Leg > --- UTILITY ---------- High-capacity Storage Unit Machine Analyzer Advanced Sensor Array Advanced Signal Interpreter Advanced Melee Analysis Suite Advanced Melee Analysis Suite Nanoactuators Improved Phase Shifter Zionite Weapon Casing Heavy Reflective Plating Advanced Force Field Mini Drone Bay > --- WEAPON ----------- Great Axe Heavy Pick > --- INVENTORY -------- Quantum Reactor Flexi-carbon Leg Myomer Leg Energy Well Zionite Biocell Array Centrium Medium Armor Plating Graphene Brace Improved Remote Shield Trap Extractor Hacking Drone Bay Scythe CR-A16's Behemoth Slayer [Rating: 150] Favorites ----------- Power Neutrino Core Engine Improved Deuterium Engine Power Core Neutrino Core Reactor Antimatter Reactor Propulsion Flexi-carbon Leg Leg Flexi-carbon Leg Utility Advanced Melee Analysis Suite Device Experimental Sensor Array Storage High-capacity Storage Unit Processor Advanced Melee Analysis Suite Hackware Authchip [R/Combat] Protection Centrium Medium Armor Plating Weapon Great Axe Impact Weapon Heavy Flail Slashing Weapon Great Axe Piercing Weapon Heavy Pick Build | -11 -10 -10 -10 -9 -8 -7 -7 -7 -6 -6 -6 -6 -5 -5 -5 -5 -5 -5 -4 -3 -3 -2 -1 ------- Run | Yrd Mat Min Exi Min Mat Fac Was Fac Fac Low Low Zio Pro Fac Ext Cet Arc Hub Fac Res Tes Res Acc Slots Evolved 18 | . . . . . 4 2 . . 2 . . . . 2 . . . . 2 2 . 2 2 Power 1 | . . . . . . . . . . . . . . 1 . . . . . . . . . Propulsion 4 | . . . . . 2 . . . 1 . . . . . . . . . . 1 . . . Utility 12 | . . . . . 2 2 . . 1 . . . . 1 . . . . 1 1 . 2 2 Weapon 1 | . . . . . . . . . . . . . . . . . . . 1 . . . . Parts Attached 196 | 2 . 6 . . 14 11 1 30 7 4 5 2 7 14 12 1 8 5 5 14 16 6 26 Power 23 | . . . . . 2 1 . 3 . . 1 . . 3 1 . 1 1 . 3 3 1 3 Engine 4 | . . . . . 2 1 . . . . 1 . . . . . . . . . . . . Core 6 | . . . . . . . . 3 . . . . . 2 . . . 1 . . . . . Reactor 13 | . . . . . . . . . . . . . . 1 1 . 1 . . 3 3 1 3 Propulsion 66 | 2 . 3 . . 5 1 . 8 3 . 2 . 4 1 5 . 3 4 2 6 8 2 7 Treads . | . . . . . . . . . . . . . . . . . . . . . . . . Leg 66 | 2 . 3 . . 5 1 . 8 3 . 2 . 4 1 5 . 3 4 2 6 8 2 7 Wheel . | . . . . . . . . . . . . . . . . . . . . . . . . Hover . | . . . . . . . . . . . . . . . . . . . . . . . . Flight . | . . . . . . . . . . . . . . . . . . . . . . . . Utility 86 | . . 2 . . 5 8 1 14 4 3 1 1 3 7 5 1 4 . 3 4 3 3 14 Device 37 | . . 2 . . 2 3 1 5 3 2 . 1 1 3 2 . 3 . . 1 1 . 7 Storage 5 | . . . . . . . . . . . . . 1 2 . . . . 1 . . 1 . Processor 18 | . . . . . 1 1 . 5 1 . 1 . . 2 1 . . . 2 2 . . 2 Hackware 2 | . . . . . . . . . . 1 . . . . 1 . . . . . . . . Protection 24 | . . . . . 2 4 . 4 . . . . 1 . 1 1 1 . . 1 2 2 5 Artifact . | . . . . . . . . . . . . . . . . . . . . . . . . Weapon 21 | . . 1 . . 2 1 . 5 . 1 1 1 . 3 1 . . . . 1 2 . 2 Energy Gun . | . . . . . . . . . . . . . . . . . . . . . . . . Energy Cannon . | . . . . . . . . . . . . . . . . . . . . . . . . Ballistic Gun . | . . . . . . . . . . . . . . . . . . . . . . . . Ballistic Cannon . | . . . . . . . . . . . . . . . . . . . . . . . . Launcher . | . . . . . . . . . . . . . . . . . . . . . . . . Special Weapon . | . . . . . . . . . . . . . . . . . . . . . . . . Impact Weapon 7 | . . 1 . . 1 1 . 1 . 1 . 1 . 1 . . . . . . . . . Slashing Weapon 10 | . . . . . 1 . . 3 . . 1 . . 2 . . . . . 1 2 . . Piercing Weapon 4 | . . . . . . . . 1 . . . . . . 1 . . . . . . . 2 Special Melee Weapon . | . . . . . . . . . . . . . . . . . . . . . . . . Unidentified Prototypes 21 | . . 1 . . . . 1 8 . . . 1 1 . . 1 2 . . . . 3 3 Corrupted Parts 1 | . . . . . . . . . . . . . . . . . . . . . 1 . . System Corruption 6 | . . . . . . . . . . . . . . . . . . . . . 6 . . Parts Lost 95 | . . . . . 7 3 5 6 7 1 . . . 1 1 . . . 2 11 23 2 26 Power 13 | . . . . . 1 . . . 1 . . . . . . . . . 1 3 4 . 3 Propulsion 37 | . . . . . 3 2 1 2 4 . . . . . . . . . . 4 9 2 10 Utility 38 | . . . . . 3 1 3 4 . 1 . . . 1 1 . . . 1 4 6 . 13 Weapon 7 | . . . . . . . 1 . 2 . . . . . . . . . . . 4 . . Highest Loss Streak 16 | . . . . . 2 3 3 5 5 1 . . . 1 1 . . . 2 4 16 2 7 To Critical Strikes . | . . . . . . . . . . . . . . . . . . . . . . . . Average Backups 9 | . 3 4 5 5 4 4 5 4 3 2 2 4 4 9 15 16 19 19 19 14 14 10 9 Power . | . . . . . . . . . . . . . . . 1 2 3 2 2 . . . . Propulsion 1 | . 2 2 2 2 . . . . . . . . . 1 2 3 2 2 2 1 2 . . Utility 5 | . 1 2 2 2 2 3 3 2 1 1 . 1 1 3 7 7 9 11 11 8 7 6 5 Weapon 2 | . . . . . . . 1 . . . . 1 1 2 4 4 4 4 4 3 4 3 1 Tool/Special . | . . . . . . . . . . . . . . . . . . . . . . . . Unused Backups 12 | . 1 . 1 . 1 . . . . 1 . . . 1 . 3 1 . 1 . . . 2 Power 1 | . . . . . . . . . . . . . . . . 1 . . . . . . . Propulsion 2 | . 1 . . . . . . . . . . . . . . . . . 1 . . . . Utility 8 | . . . 1 . 1 . . . . 1 . . . . . 2 1 . . . . . 2 Weapon . | . . . . . . . . . . . . . . . . . . . . . . . . Tool/Special 1 | . . . . . . . . . . . . . . 1 . . . . . . . . . Average Slot Usage (%) 75 | . 28 43 42 42 63 85 60 79 45 26 30 60 82 99 100 100 94 93 88 95 87 72 61 Engine 1 | . . . . . 6 7 3 . . . . 6 6 3 . . . . . . . . . Core 2 | . . . . . . . . 4 2 . . . . 5 5 5 3 4 5 2 . . . Reactor 2 | . . . . . . . . . . . . . . 1 5 5 6 5 5 6 7 7 5 Leg 23 | . 28 28 28 28 33 25 9 25 9 . 1 13 24 29 29 29 29 28 25 27 26 23 15 Device 12 | . . 2 . . 4 5 9 6 6 13 12 13 16 17 16 17 18 17 20 19 16 4 9 Storage 2 | . . . . . . . . . . . . . . 4 5 5 5 5 5 4 4 4 2 Processor 14 | . . . . . 1 13 13 24 19 6 6 13 13 15 17 17 17 17 15 17 19 17 14 Hackware 1 | . . . . . . . . . . 4 6 6 6 1 1 . . . . . . . . Protection 4 | . . . . . 4 15 9 4 . . . . 3 4 4 4 3 5 4 4 . 9 8 Impact Weapon 1 | . . 12 14 14 4 7 6 . . . . . 3 3 . . . . . . . . . Slashing Weapon 6 | . . . . . 7 7 6 7 5 . . 6 6 6 10 11 5 5 5 10 10 4 3 Peak Build Rating 150 | 2 2 16 10 10 29 43 43 61 42 25 41 50 73 91 92 94 99 101 112 135 138 115 150 Average Rating 68 | 1 2 7 8 10 20 39 31 43 28 19 22 41 57 83 87 90 92 97 109 126 115 100 97 On Entrance 50 | . 2 2 8 10 10 27 43 4 31 23 25 41 42 69 91 85 94 95 101 97 126 84 107 Avg Prop Armor Cover (%) 33 | 38 38 33 33 33 39 . . 32 28 28 . . . . . . . . . . . . . Naked Turns 205 | . . . . . . . 14 16 . . . . . . . . . . . . . . 175 Heaviest Build 123 | . . 4 3 3 27 39 31 23 15 6 14 14 23 86 92 90 90 91 92 99 86 96 123 Greatest Support 160 | 10 3 26 3 26 56 58 33 81 47 3 40 40 100 100 96 86 96 130 130 144 156 134 160 Greatest Overweight (x) 2 | . . . . . . . 2 1 . 1 1 . . . 1 1 1 1 1 . 1 1 1 Average Overweight (x) . | . . . . . . . . . . . . . . . . . . . . . . . . Largest Inventory Capacity 20 | 5 5 5 5 5 5 5 5 5 5 5 5 5 5 20 20 20 20 20 20 20 20 20 20 Average Capacity 12 | 5 5 5 5 5 5 5 5 5 5 5 5 5 5 11 20 20 20 20 20 20 20 20 15 Most Carried 20 | 1 5 5 5 5 5 5 5 5 5 3 4 5 5 15 20 19 20 20 20 19 17 11 13 Average Carried 9 | . 3 4 5 5 4 4 5 4 3 2 2 4 4 9 15 16 19 19 19 14 14 10 8 Final Capacity 20 | 5 5 5 5 5 5 5 5 5 5 5 5 5 5 20 20 20 20 20 20 20 20 20 5 Final Carried 20 | 1 5 5 5 5 4 5 5 5 4 3 3 5 5 15 16 19 20 20 20 12 11 10 5 Class Distribution -------------------- 36% | Mutant 18% | Gladiator 12% | Derelict-Mutant 5% | Scavenger-Gladiator 4% | Commander-Gladiator 4% | Messiah-Gladiator 3% | Scavenger-Mutant 3% | Commander-Mutant Dominant Class ---------------- Mutant | -10/Materials Mutant | -10/Mines Mutant | -10/Exiles Mutant | -9/Mines Mutant | -8/Materials Gladiator | -7/Factory Gladiator | -7/Waste Mutant | -7/Factory Scientist-Assassin | -6/Factory Mutant | -6/Lower Caves Mutant | -6/Lower Caves Derelict-Mutant | -6/Zion Derelict-Mutant | -5/Proximity Caves Derelict-Gladiator | -5/Factory Gladiator | -5/Extension Commander-Gladiator | -5/Cetus Commander-Mutant | -5/Archives Mutant | -5/Hub_04(d) Mutant | -4/Factory Gladiator | -3/Research Gladiator | -3/Testing Messiah-Mutant | -2/Research Messiah-Gladiator | -1/Access Resources | -11 -10 -10 -10 -9 -8 -7 -7 -7 -6 -6 -6 -6 -5 -5 -5 -5 -5 -5 -4 -3 -3 -2 -1 ----------- Run | Yrd Mat Min Exi Min Mat Fac Was Fac Fac Low Low Zio Pro Fac Ext Cet Arc Hub Fac Res Tes Res Acc Matter Collected 3349 | 220 . 80 . . 109 133 . 653 25 78 25 70 120 286 459 39 96 135 142 209 150 82 238 Remotely . | . . . . . . . . . . . . . . . . . . . . . . . . Salvage Created 8375 | . . 66 . 111 725 669 . 706 250 . . . . 506 962 . 154 113 551 1457 616 91 1398 Parts 375 | . . . . 6 32 21 . 40 7 . . . . 21 27 . 13 1 21 75 31 5 75 Haulers Intercepted 5 | . . . . . . 1 . 2 1 . . . . . . . . . . 1 . . . Recyclers Shooed 1 | . . . . . . 1 . . . . . . . . . . . . . . . . . Parts Field Recycled . | . . . . . . . . . . . . . . . . . . . . . . . . Retrieved Matter . | . . . . . . . . . . . . . . . . . . . . . . . . Parts Self-Destructed 16 | . . . . . . . . . . 1 . . 15 . . . . . . . . . . Prevented 5 | . . . . . . . . . . 1 . . 4 . . . . . . . . . . Parts Restored . | . . . . . . . . . . . . . . . . . . . . . . . . Kills | -11 -10 -10 -10 -9 -8 -7 -7 -7 -6 -6 -6 -6 -5 -5 -5 -5 -5 -5 -4 -3 -3 -2 -1 ------- Run | Yrd Mat Min Exi Min Mat Fac Was Fac Fac Low Low Zio Pro Fac Ext Cet Arc Hub Fac Res Tes Res Acc Combat Hostiles Destroyed 106 | . . 2 . 2 12 8 . 9 4 . . . . 7 12 . . 2 4 19 7 1 17 Melee 95 | . . 1 . 1 10 6 . 9 1 . . . . 6 12 . . 2 4 19 7 1 16 AOE 1 | . . . . 1 . . . . . . . . . . . . . . . . . . . Classes Destroyed 17 | . . 3 . 2 5 2 . 1 . . . . . 1 . . . . . . 1 . 2 Worker 10 | . . 1 . . 4 1 . . . . . . . . . . . 1 . . . . 3 Builder 8 | . . 1 . . 1 . . . . . . . . 1 1 . . . . 2 . . 2 Tunneler 4 | . . . . 2 . . . . . . . . . . . . . . 1 . . . 1 Hauler 5 | . . . . . . 1 . 2 1 . . . . . . . . . . 1 . . . Recycler 8 | . . . . 1 . 2 . 2 . . . . . . 1 . . . 2 . . . . Mechanic 1 | . . . . . 1 . . . . . . . . . . . . . . . . . . Operator 7 | . . . . . . . . . . . . . . 2 3 . 2 . . . . . . Watcher 3 | . . . . . . . . 1 . . . . . . . . . . 1 1 . . . Swarmer 19 | . . 2 . 2 . . . 2 2 . . . . 1 . . . . 1 3 . . 6 Grunt 28 | . . . . . 5 4 . 1 . . . . . . 9 . . . . 6 3 . . Duelist 2 | . . . . . 1 . . . 1 . . . . . . . . . . . . . . Researcher 2 | . . . . . . . . . . . . . . . . . . . . . 2 . . Sentry 27 | . . . . . 5 2 . 3 . . . . . 3 3 . . 1 1 2 . 1 6 Hunter 10 | . . . . . 1 1 . . 1 . . . . 1 . . . . . 4 2 . . Programmer 17 | . . . . . . 1 . 3 . . . . . 2 . . . 1 2 4 2 . 2 Q-Series 2 | . . . . . . . . . . . . . . . . . . . . . . . 2 Behemoth 1 | . . . . . . . . . . . . . . . . . . . . . . . 1 Enhanced Grunt 1 | . . . . . . . . . . . . . . . . . 1 . . . . . . Best Kill Streak 7 | . . 2 . 3 3 4 . 2 3 . . . . 2 3 . 1 1 2 4 3 1 7 Combat Bots Only 6 | . . 2 . 2 2 2 . 2 3 . . . . 2 3 . . 1 2 4 3 1 6 Max Kills in Single Turn 1 | . . 1 . 1 1 1 . 1 1 . . . . 1 1 . 1 1 1 1 1 1 1 Gunslinging . | . . . . . . . . . . . . . . . . . . . . . . . . Exploded 1 | . . . . 1 . . . . . . . . . . . . . . . . . . . Melee 1 | . . 1 . 1 1 1 . 1 1 . . . . 1 1 . . 1 1 1 1 1 1 Uniques/NPCs Destroyed . | . . . . . . . . . . . . . . . . . . . . . . . . Combat | -11 -10 -10 -10 -9 -8 -7 -7 -7 -6 -6 -6 -6 -5 -5 -5 -5 -5 -5 -4 -3 -3 -2 -1 -------- Run | Yrd Mat Min Exi Min Mat Fac Was Fac Fac Low Low Zio Pro Fac Ext Cet Arc Hub Fac Res Tes Res Acc Hostile Shots Fired 1867 | . . 15 . 17 95 77 5 155 93 11 10 . 1 28 89 2 . 29 82 267 571 31 289 Missed 679 | . . 3 . 4 21 33 . 60 24 2 5 . . 9 24 1 . 9 35 84 270 11 84 Hits 1188 | . . 12 . 13 74 44 5 95 69 9 5 . 1 19 65 1 . 20 47 183 301 20 205 Melee 28 | . . . . . 2 . 5 . 12 6 2 . . . . . . 1 . . . . . Projectile 1160 | . . 12 . 13 72 44 . 95 57 3 3 . 1 19 65 1 . 19 47 183 301 20 205 AOE 1 | . . . . . . . . . 1 . . . . . . . . . . . . . . Critical Strikes 45 | . . 1 . . 1 . 1 2 4 1 . . . 2 4 1 . 3 5 5 10 . 5 Part Disruptions 2 | . . . . . . . . . . . . . . . . . . . . . . . 2 Damage Taken 19342 | . . 94 . 180 1163 276 235 1322 1523 101 7 . 54 319 922 53 . 220 755 2341 3944 442 5391 Core 4160 | . . 39 . 124 128 28 183 133 739 85 7 . . 14 147 . . 36 93 189 577 25 1613 Absorbed by Shields 2493 | . . . . . 64 118 . . . . . . . 73 517 55 . 233 331 676 . . 426 Redirected to Shielding 88 | . . . . . . . . . . . . . . . . . . . . . . 22 66 Ignored by Resistances 744 | . . . . . . . . . . . . . . . . . . . . 275 318 . 151 Core Remaining (%) 63 | 100 . . . 34 76 . . 50 . . . . 2 . . . . 80 91 . 41 98 . Volleys Fired . | . . . . . . . . . . . . . . . . . . . . . . . . Largest . | . . . . . . . . . . . . . . . . . . . . . . . . Hottest . | . . . . . . . . . . . . . . . . . . . . . . . . Shots Fired . | . . . . . . . . . . . . . . . . . . . . . . . . Gun . | . . . . . . . . . . . . . . . . . . . . . . . . Cannon . | . . . . . . . . . . . . . . . . . . . . . . . . Launcher . | . . . . . . . . . . . . . . . . . . . . . . . . Special . | . . . . . . . . . . . . . . . . . . . . . . . . Kinetic . | . . . . . . . . . . . . . . . . . . . . . . . . Thermal . | . . . . . . . . . . . . . . . . . . . . . . . . Explosive . | . . . . . . . . . . . . . . . . . . . . . . . . Electromagnetic . | . . . . . . . . . . . . . . . . . . . . . . . . Robot Hit Streak . | . . . . . . . . . . . . . . . . . . . . . . . . Robot Miss Streak . | . . . . . . . . . . . . . . . . . . . . . . . . Penetration Max . | . . . . . . . . . . . . . . . . . . . . . . . . Secondary Targets . | . . . . . . . . . . . . . . . . . . . . . . . . Shots Hit Robots 519 | . . 4 . 4 50 25 . 42 20 . . . . 23 68 . 11 9 21 94 51 2 95 Core Hits 189 | . . . . 1 15 10 . 14 4 . . . . 12 27 . 3 3 9 37 15 2 37 Critical Kills 2 | . . . . 1 . 1 . . . . . . . . . . . . . . . . . Critical Parts Destroyed 12 | . . 2 . 1 1 2 . . 3 . . . . 3 . . . . . . . . . Critical Strikes 67 | . . 2 . 2 5 3 . 4 5 . . . . 5 9 . 1 . 2 14 7 . 8 Smash 14 | . . 2 . 2 1 3 . . 3 . . . . 3 . . . . . . . . . Sever 48 | . . . . . 4 . . 4 2 . . . . 2 9 . 1 . 2 14 7 . 3 Impale 5 | . . . . . . . . . . . . . . . . . . . . . . . 5 Melee Attacks 756 | . . 9 . 6 85 34 . 66 34 . 5 1 2 59 79 . 11 14 35 115 77 4 120 Impact 113 | . . 9 . 6 26 20 . 15 20 . 5 . . 12 . . . . . . . . . Slashing 549 | . . . . . 59 14 . 44 14 . . 1 2 47 79 . 11 14 35 115 77 4 33 Piercing 94 | . . . . . . . . 7 . . . . . . . . . . . . . . 87 Sneak Attacks 66 | . . 2 . 3 9 4 . 7 1 . . . . 3 6 . 11 2 4 5 3 . 6 Combat Hostiles 1 | . . . . . . . . . . . . . . . 1 . . . . . . . . Follow-up Attacks 72 | . . . . . 6 4 . 5 . . . . . 3 12 . . . . 22 9 . 11 Damage Inflicted 24422 | . . 305 . 306 2175 1139 . 1850 882 . . . . 1119 3080 . 999 439 1071 4529 2482 89 3957 Guns . | . . . . . . . . . . . . . . . . . . . . . . . . Cannons . | . . . . . . . . . . . . . . . . . . . . . . . . Explosions . | . . . . . . . . . . . . . . . . . . . . . . . . Melee 24313 | . . 305 . 306 2175 1127 . 1838 839 . . . . 1119 3080 . 999 439 1071 4505 2482 89 3939 Ramming 109 | . . . . . . 12 . 12 43 . . . . . . . . . . 24 . . 18 Kinetic . | . . . . . . . . . . . . . . . . . . . . . . . . Thermal . | . . . . . . . . . . . . . . . . . . . . . . . . Explosive . | . . . . . . . . . . . . . . . . . . . . . . . . Electromagnetic . | . . . . . . . . . . . . . . . . . . . . . . . . Impact 3683 | . . 305 . 306 849 775 . 680 548 . . . . 220 . . . . . . . . . Slashing 17544 | . . . . . 1326 352 . 938 291 . . . . 899 3080 . 999 439 1071 4505 2482 89 1073 Piercing 3086 | . . . . . . . . 220 . . . . . . . . . . . . . . 2866 Highest Corruption 30 | . . . . 1 . . 16 17 2 2 . . . 3 3 3 3 . 4 10 30 . 21 Average Corruption 10 | . . . . 1 . . 11 16 1 1 . . . 2 3 3 2 . 3 4 17 . 15 Corruption Purged 5 | . . . . . . . . . . 2 . . . . . . 3 . . . . . . Corruption Blocked . | . . . . . . . . . . . . . . . . . . . . . . . . Effects 229 | . . . . 2 . . 6 81 2 . . . . 10 25 7 2 . 2 10 38 . 44 Message Errors 54 | . . . . . . . 2 23 . . . . . 2 4 1 . . . 1 7 . 14 Matter Fused 49 | . . . . 1 . . . 13 . . . . . 6 9 . 2 . 1 4 7 . 6 Heat Flow Errors 34 | . . . . . . . 1 12 . . . . . . 4 3 . . 1 1 6 . 6 Energy Discharges 29 | . . . . 1 . . . 11 2 . . . . . 2 2 . . . 3 7 . 1 Parts Rejected 5 | . . . . . . . 1 . . . . . . . 1 . . . . . 2 . 1 Parts Fused 3 | . . . . . . . . 1 . . . . . . 1 . . . . . . . 1 Data Loss (minor) 29 | . . . . . . . . 12 . . . . . 2 3 . . . . 1 5 . 6 Data Loss (major) 8 | . . . . . . . 1 5 . . . . . . 1 . . . . . 1 . . Alerts 5 | . . . . . . . 1 2 . . . . . . . 1 . . . . 1 . . Misdirections 13 | . . . . . . . . 2 . . . . . . . . . . . . 2 . 9 Overload Shots . | . . . . . . . . . . . . . . . . . . . . . . . . Overflow Damage 3114 | . . 225 . 203 465 294 . 171 208 . . . . 300 177 . 172 80 99 185 216 . 319 Projectiles . | . . . . . . . . . . . . . . . . . . . . . . . . Explosions . | . . . . . . . . . . . . . . . . . . . . . . . . Melee 3114 | . . 225 . 203 465 294 . 171 208 . . . . 300 177 . 172 80 99 185 216 . 319 Knockbacks 12 | . . 1 . . 3 1 . 3 3 . . . . 1 . . . . . . . . . Impact 11 | . . 1 . . 2 1 . 3 3 . . . . 1 . . . . . . . . . Kinetic . | . . . . . . . . . . . . . . . . . . . . . . . . Secondary 1 | . . . . . 1 . . . . . . . . . . . . . . . . . . Self-Inflicted Damage 27 | . . . . . . . . . 20 . . . . . . . . . . . . . 7 Shots . | . . . . . . . . . . . . . . . . . . . . . . . . Rammed 13 | . . . . . . . . . 6 . . . . . . . . . . . . . 7 Targets Rammed 19 | . . . . . . 2 . 2 6 . . . . . . . . . . 2 . . 7 Kicked 6 | . . . . . . 2 . 2 . . . . . . . . . . . 2 . . . Crushed . | . . . . . . . . . . . . . . . . . . . . . . . . Highest Temperature 426 | . . . . . 9 . 240 278 . . . . . . 282 237 . 4 205 151 275 . 426 Average Temperature 108 | . . . . . 9 . 130 104 . . . . . . 112 90 . 4 109 66 113 . 131 Received Heat Transfer 2110 | . . . . . 392 74 . 213 12 9 . . 9 24 326 . . 51 25 269 361 18 327 Effects 4 | . . . . . . . . . . . . . . . 2 . . . . . . . 2 Interference 4 | . . . . . . . . . . . . . . . 2 . . . . . . . 2 Siege Activations . | . . . . . . . . . . . . . . . . . . . . . . . . Martial Activations . | . . . . . . . . . . . . . . . . . . . . . . . . Shielding Activations . | . . . . . . . . . . . . . . . . . . . . . . . . Robots Disrupted . | . . . . . . . . . . . . . . . . . . . . . . . . Combat Hostiles . | . . . . . . . . . . . . . . . . . . . . . . . . Robots Corrupted 15 | . . 3 . . 2 4 . 2 3 . . . . 1 . . . . . . . . . Combat Hostiles 9 | . . 1 . . 2 2 . . 3 . . . . 1 . . . . . . . . . Parts Fried 20 | . . 5 . 2 3 4 . 1 2 . . . . 3 . . . . . . . . . Impact Corruptions 48 | . . 9 . 4 8 8 . 3 9 . . . . 7 . . . . . . . . . Robots Melted . | . . . . . . . . . . . . . . . . . . . . . . . . Combat Hostiles . | . . . . . . . . . . . . . . . . . . . . . . . . Parts Melted 3 | . . . . . . . . . . . . . . . 3 . . . . . . . . Heat Transferred . | . . . . . . . . . . . . . . . . . . . . . . . . Parts Sabotaged . | . . . . . . . . . . . . . . . . . . . . . . . . Parts Stolen 5 | . . . . . . . . . . 4 1 . . . . . . . . . . . . Parts Stripped . | . . . . . . . . . . . . . . . . . . . . . . . . Power Chain Reactions . | . . . . . . . . . . . . . . . . . . . . . . . . Alert | -11 -10 -10 -10 -9 -8 -7 -7 -7 -6 -6 -6 -6 -5 -5 -5 -5 -5 -5 -4 -3 -3 -2 -1 ------- Run | Yrd Mat Min Exi Min Mat Fac Was Fac Fac Low Low Zio Pro Fac Ext Cet Arc Hub Fac Res Tes Res Acc Maximum Alert Level 3 | . . . . . . . . . . . . . . 2 2 1 1 3 2 1 . . . Low Security (%) 67 | 100 100 100 . 100 100 100 100 100 100 . . . . 14 38 . 45 14 . 86 100 100 100 Level 1 22 | . . . . . . . . . . . . . . 84 35 100 54 7 90 13 . . . Level 2 3 | . . . . . . . . . . . . . . . 25 . . 5 9 . . . . Level 3 7 | . . . . . . . . . . . . . . . . . . 73 . . . . . Level 4 . | . . . . . . . . . . . . . . . . . . . . . . . . Level 5 . | . . . . . . . . . . . . . . . . . . . . . . . . High Security . | . . . . . . . . . . . . . . . . . . . . . . . . Max Security . | . . . . . . . . . . . . . . . . . . . . . . . . Peak Influence 1075 | . . 31 . 50 113 90 23 167 91 . . . . 406 616 388 284 1075 424 241 198 30 179 Initial 424 | . . . . . . 2 23 . 28 . . . . 72 151 322 121 46 424 136 132 . . Average 190 | . . 2 . 18 33 26 5 74 25 . . . . 256 292 335 204 757 313 115 70 3 53 Influence Increases 8447 | . . 51 . 110 468 254 . 654 192 60 150 . 408 808 985 348 233 1549 238 633 409 51 846 Destroy 0b10 Robot/C 3560 | . . 40 . 40 240 160 . 180 80 . . . 200 220 460 160 80 580 80 380 260 20 380 Destroy 0b10 Robot/NC 320 | . . 10 . 15 30 20 . 25 5 . . . . 45 45 10 10 25 25 20 . . 35 Destroy Leader 746 | . . . . 10 80 52 . 76 12 . . . 20 54 52 . . 142 24 84 30 10 100 Allied During Kill 1577 | . . 1 . . . . . . . . . . 173 57 384 170 90 642 12 . 32 . 16 Trap Triggered on 0b10 50 | . . . . . . . . 50 . . . . . . . . . . . . . . . Successful Hack 120 | . . . . . 25 5 . 39 2 . . . . 42 . . . . . . 7 . . Disable Machine 435 | . . . . . . . . 15 . . . . . 240 . . 45 75 . . 15 . 45 Destroy Structure 484 | . . . . . 18 2 . 14 3 . . . . 150 14 8 8 70 22 14 20 6 135 Partial Spotted 15 | . . . . . . . . . 15 . . . . . . . . . . . . . . Lose Combat Pursuer 1140 | . . . . 45 75 15 . 255 75 60 150 . 15 . 30 . . 15 75 135 45 15 135 Influence Decreases 8277 | . . 51 . 110 463 193 66 596 241 69 135 15 292 614 719 620 403 816 845 658 644 51 676 Entered New Map 1493 | . . . . . . 3 43 . 30 4 . 15 . 44 159 254 183 88 443 124 103 . . Time Decay 5187 | . . 51 . 110 300 160 23 536 181 60 135 . 232 490 490 206 180 522 362 428 334 51 336 Lost Part 738 | . . . . . 70 30 . 60 30 5 . . . 10 10 . . . 20 106 167 . 230 Lost Ally 766 | . . . . . . . . . . . . . 60 70 60 160 40 206 20 . 40 . 110 Purge Threat 93 | . . . . . 93 . . . . . . . . . . . . . . . . . . Squads Dispatched 60 | . . 1 . . 4 3 . 8 4 . . . . 6 2 . . 6 3 5 5 2 11 Investigation 10 | . . 1 . . 1 . . 1 1 . . . . . 2 . . 1 . 1 1 1 . Extermination 21 | . . . . . . 1 . 4 2 . . . . 3 . . . 2 1 2 2 1 3 Reinforcement 22 | . . . . . 3 2 . 3 1 . . . . 3 . . . 1 2 2 2 . 3 Assault 2 | . . . . . . . . . . . . . . . . . . 2 . . . . . Garrison 5 | . . . . . . . . . . . . . . . . . . . . . . . 5 Intercept . | . . . . . . . . . . . . . . . . . . . . . . . . Searches Triggered . | . . . . . . . . . . . . . . . . . . . . . . . . Construction Impeded 1 | . . . . . . . . . . . . . . . . . . . . . . . 1 Haulers Reinforced 6 | . . . . . . 1 . 3 . . . . . 1 . . . . . 1 . . . Active Scanning Responses . | . . . . . . . . . . . . . . . . . . . . . . . . Cargo Convoy Interrupts 1 | . . . . . . . . 1 . . . . . . . . . . . . . . . Stealth | -11 -10 -10 -10 -9 -8 -7 -7 -7 -6 -6 -6 -6 -5 -5 -5 -5 -5 -5 -4 -3 -3 -2 -1 --------- Run | Yrd Mat Min Exi Min Mat Fac Was Fac Fac Low Low Zio Pro Fac Ext Cet Arc Hub Fac Res Tes Res Acc Distress Signals 16 | . . . . . 4 1 . 1 . . . . . 1 . 2 . 1 1 1 2 1 1 Communications Jammed 106 | . . . . . . . . . . . . . . 4 . . 1 31 8 35 27 . . Distress Signals 100 | . . . . . . . . . . . . . . 2 . . 1 27 8 35 27 . . Times Spotted 344 | . . 3 . 6 35 10 6 25 12 9 9 . 9 15 26 8 2 25 15 47 27 7 48 Peak Tracking Total 18 | . . 2 . 3 13 3 6 4 6 3 4 . 6 3 5 5 1 4 8 7 7 4 18 Tactical Retreats 51 | . . . . 1 4 1 . 10 3 3 6 . 1 . 2 . . 1 3 7 1 1 7 Traps | -11 -10 -10 -10 -9 -8 -7 -7 -7 -6 -6 -6 -6 -5 -5 -5 -5 -5 -5 -4 -3 -3 -2 -1 ------- Run | Yrd Mat Min Exi Min Mat Fac Was Fac Fac Low Low Zio Pro Fac Ext Cet Arc Hub Fac Res Tes Res Acc Traps Triggered 15 | . . . . . 1 3 . 2 3 . . . . 2 . . . 1 1 . . 1 1 Indirectly . | . . . . . . . . . . . . . . . . . . . . . . . . Trap Hack Attempts . | . . . . . . . . . . . . . . . . . . . . . . . . Triggered . | . . . . . . . . . . . . . . . . . . . . . . . . Disarmed . | . . . . . . . . . . . . . . . . . . . . . . . . Reprogrammed 6 | . . . . . . . . 6 . . . . . . . . . . . . . . . Reused 5 | . . . . . . . . 5 . . . . . . . . . . . . . . . Traps Extracted . | . . . . . . . . . . . . . . . . . . . . . . . . Installed . | . . . . . . . . . . . . . . . . . . . . . . . . Triggered 5 | . . . . . . . . 5 . . . . . . . . . . . . . . . Most Traps Carried 3 | . . . . . . . . . . . . . . . . . 3 3 3 3 3 3 3 Machines | -11 -10 -10 -10 -9 -8 -7 -7 -7 -6 -6 -6 -6 -5 -5 -5 -5 -5 -5 -4 -3 -3 -2 -1 ---------- Run | Yrd Mat Min Exi Min Mat Fac Was Fac Fac Low Low Zio Pro Fac Ext Cet Arc Hub Fac Res Tes Res Acc Machines Disabled 30 | . . . . . . . . 1 . . . . 1 16 . . 3 5 . . 1 . 3 Max in Single Turn 1 | . . . . . . . . 1 . . . . . 1 . . . . . . 1 . . Garrison Access 4 | . . . . . 1 . . 1 . . . . . . . . . . . . . 1 1 Machines Repaired . | . . . . . . . . . . . . . . . . . . . . . . . . Machines Dismantled . | . . . . . . . . . . . . . . . . . . . . . . . . Machines Sabotaged . | . . . . . . . . . . . . . . . . . . . . . . . . Overloaded Fab Kills . | . . . . . . . . . . . . . . . . . . . . . . . . Hacking | -11 -10 -10 -10 -9 -8 -7 -7 -7 -6 -6 -6 -6 -5 -5 -5 -5 -5 -5 -4 -3 -3 -2 -1 --------- Run | Yrd Mat Min Exi Min Mat Fac Was Fac Fac Low Low Zio Pro Fac Ext Cet Arc Hub Fac Res Tes Res Acc Machines Accessed 54 | . 1 1 2 . 9 3 . 13 4 1 . . 1 10 1 . . 1 . . 3 3 1 Terminals 17 | . 1 . . . 7 1 . 5 . . . . 1 1 1 . . . . . . . . Fabricators 12 | . . . . . . 2 . 3 3 . . . . 1 . . . . . . 1 2 . Repair Stations . | . . . . . . . . . . . . . . . . . . . . . . . . Recycling Units 7 | . . . . . . . . 2 . . . . . 5 . . . . . . . . . Scanalyzers 5 | . . . . . 1 . . 1 1 . . . . 1 . . . . . . 1 . . Garrison Access 9 | . . . . . 1 . . 2 . . . . . 2 . . . 1 . . 1 1 1 Total Hacks 127 | . 4 1 2 . 30 5 . 29 10 3 . . 5 20 4 . . 2 . . 4 6 2 Successful 56 | . 1 1 2 . 16 3 . 10 3 3 . . 5 5 1 . . . . . 3 2 1 Failed 70 | . 3 . . . 14 2 . 18 7 . . . . 15 3 . . 2 . . 1 4 1 Catastrophic 19 | . . . . . 2 1 . 5 4 . . . . 3 1 . . 1 . . . 2 . Database Lockouts 1 | . . . . . . . . 1 . . . . . . . . . . . . . . . Manual 160 | . 4 . 1 . 17 . . 10 . . . 1 . 23 23 1 . 21 7 3 20 6 23 Terminals 57 | . 4 . . . 27 2 . 14 . . . . 5 1 4 . . . . . . . . Fabricators 22 | . . . . . . 3 . 6 7 . . . . 2 . . . . . . 1 3 . Repair Stations . | . . . . . . . . . . . . . . . . . . . . . . . . Recycling Units 15 | . . . . . . . . 4 . . . . . 11 . . . . . . . . . Scanalyzers 11 | . . . . . 2 . . 2 3 . . . . 2 . . . . . . 2 . . Garrison Access 16 | . . . . . 1 . . 3 . . . . . 4 . . . 2 . . 1 3 2 Terminal Hacks 23 | . . 1 2 . 6 . . 4 . 3 . . 5 1 1 . . . . . . . . Record 9 | . . . 1 . . . . . . 3 . . 5 . . . . . . . . . . Prototype ID Bank 2 | . . . . . 2 . . . . . . . . . . . . . . . . . . Open Door 3 | . . 1 . . . . . . . . . . . 1 1 . . . . . . . . Unreport Threat 1 | . . . . . 1 . . . . . . . . . . . . . . . . . . Locate Traps 2 | . . . . . 1 . . 1 . . . . . . . . . . . . . . . Disarm Traps 1 | . . . . . . . . 1 . . . . . . . . . . . . . . . Reprogram Traps 1 | . . . . . . . . 1 . . . . . . . . . . . . . . . Hauler Manifests 2 | . . . . . 2 . . . . . . . . . . . . . . . . . . Zone Layout 1 | . . . . . . . . 1 . . . . . . . . . . . . . . . Proto ID Catalog 1 | . . . 1 . . . . . . . . . . . . . . . . . . . . Fabricator Hacks 6 | . . . . . . 3 . 1 . . . . . . . . . . . . 1 1 . Network Status 2 | . . . . . . 1 . 1 . . . . . . . . . . . . . . . Load Schematic 1 | . . . . . . . . . . . . . . . . . . . . . . 1 . Build 3 | . . . . . . 2 . . . . . . . . . . . . . . 1 . . Repair Station Hacks . | . . . . . . . . . . . . . . . . . . . . . . . . Recycling Unit Hacks 3 | . . . . . . . . 1 . . . . . 2 . . . . . . . . . Retrieve Components 3 | . . . . . . . . 1 . . . . . 2 . . . . . . . . . Scanalyzer 9 | . . . . . 1 . . 1 3 . . . . 2 . . . . . . 2 . . Retrieve Study 9 | . . . . . 1 . . 1 3 . . . . 2 . . . . . . 2 . . Garrison Access Hacks 4 | . . . . . 1 . . 1 . . . . . . . . . . . . . 1 1 Seal Access 4 | . . . . . 1 . . 1 . . . . . . . . . . . . . 1 1 Unauthorized Hacks 11 | . 1 . . . 8 . . 2 . . . . . . . . . . . . . . . Terminals 10 | . 1 . . . 8 . . 1 . . . . . . . . . . . . . . . Botnet 2 | . . . . . 1 . . 1 . . . . . . . . . . . . . . . Skim 8 | . 1 . . . 7 . . . . . . . . . . . . . . . . . . Fabricators . | . . . . . . . . . . . . . . . . . . . . . . . . Repair Stations . | . . . . . . . . . . . . . . . . . . . . . . . . Recycling Units 1 | . . . . . . . . 1 . . . . . . . . . . . . . . . Mask 1 | . . . . . . . . 1 . . . . . . . . . . . . . . . Scanalyzers . | . . . . . . . . . . . . . . . . . . . . . . . . Garrison Access . | . . . . . . . . . . . . . . . . . . . . . . . . Data Cores Recovered 1 | . . . . . . . . . . . . . . 1 . . . . . . . . . Used . | . . . . . . . . . . . . . . . . . . . . . . . . Hacking Detections 39 | . 1 . . . 8 1 . 10 3 . . . . 9 1 . . 1 . . 1 3 1 Full Trace Events 5 | . . . . . 2 . . . 1 . . . . . 1 . . 1 . . . . . Feedback Events . | . . . . . . . . . . . . . . . . . . . . . . . . Feedback Blocked . | . . . . . . . . . . . . . . . . . . . . . . . . Robot Schematics Acquired 12 | . . . . . . . . . . . . 4 . . . . . 8 . . . . . Robots Built 3 | . . . . . . 2 . . . . . . . . . . . . . . 1 . . Authchips . | . . . . . . . . . . . . . . . . . . . . . . . . Time 285 | . . . . . . 81 . . . . . . . . . . . . . . 204 . . Total Robot Build Rating 10 | . . . . . . 2 . . . . . . . . . . . . . . 8 . . Part Schematics Acquired 83 | . . . . . . . . . . . . 15 . 12 . . . . 11 . 35 . 10 Parts Built 2 | . . . . . . 2 . . . . . . . . . . . . . . . . . Authchips . | . . . . . . . . . . . . . . . . . . . . . . . . Time 84 | . . . . . . 84 . . . . . . . . . . . . . . . . . Total Part Build Rating 8 | . . . . . . 8 . . . . . . . . . . . . . . . . . Part Studies Acquired 9 | . . . . . 1 . . 1 3 . . . . 2 . . . . . . 2 . . Parts Repaired . | . . . . . . . . . . . . . . . . . . . . . . . . Time . | . . . . . . . . . . . . . . . . . . . . . . . . Parts Recycled . | . . . . . . . . . . . . . . . . . . . . . . . . Recycled Matter . | . . . . . . . . . . . . . . . . . . . . . . . . Retrieved Matter . | . . . . . . . . . . . . . . . . . . . . . . . . Retrieved Components 3 | . . . . . . . . . . . . . . 3 . . . . . . . . . Parts Scanalyzed . | . . . . . . . . . . . . . . . . . . . . . . . . Part Schematics Acquired . | . . . . . . . . . . . . . . . . . . . . . . . . Parts Damaged . | . . . . . . . . . . . . . . . . . . . . . . . . Bothacking | -11 -10 -10 -10 -9 -8 -7 -7 -7 -6 -6 -6 -6 -5 -5 -5 -5 -5 -5 -4 -3 -3 -2 -1 ------------ Run | Yrd Mat Min Exi Min Mat Fac Was Fac Fac Low Low Zio Pro Fac Ext Cet Arc Hub Fac Res Tes Res Acc Used RIF Installer . | . . . . . . . . . . . . . . . . . . . . . . . . Robots Hacked . | . . . . . . . . . . . . . . . . . . . . . . . . Non-combat . | . . . . . . . . . . . . . . . . . . . . . . . . Combat . | . . . . . . . . . . . . . . . . . . . . . . . . Robot Hacks Applied . | . . . . . . . . . . . . . . . . . . . . . . . . Relay Couplers Released . | . . . . . . . . . . . . . . . . . . . . . . . . Fabnet Peak Effective % . | . . . . . . . . . . . . . . . . . . . . . . . . Robots Rewired 6 | . . . . . . . . . . . . . . . 5 . . . . . 1 . . Allies Hacked 2 | . . . . . . . . . . . . . . . . . . 1 1 . . . . Hacks Repelled . | . . . . . . . . . . . . . . . . . . . . . . . . Allies | -11 -10 -10 -10 -9 -8 -7 -7 -7 -6 -6 -6 -6 -5 -5 -5 -5 -5 -5 -4 -3 -3 -2 -1 -------- Run | Yrd Mat Min Exi Min Mat Fac Was Fac Fac Low Low Zio Pro Fac Ext Cet Arc Hub Fac Res Tes Res Acc Total Allies 51 | . . 1 . . . 2 . . . . . 8 . 1 24 5 . 1 . . 2 1 6 Largest Group 21 | . . 1 1 . . 2 . . . . . 8 8 5 21 20 17 14 1 . 2 1 3 Highest-Rated Group 1033 | . . 31 31 . . 16 . . . . . 407 407 242 808 1033 934 723 135 . 166 31 345 Highest-Rated Ally 159 | . . 31 31 . . 8 . . . . . 96 96 96 159 159 159 135 135 . 122 31 122 Zionite Dispatches 9 | . . . . . . . . . . . . . . 1 3 . . 1 . . . 1 3 Heavy 1 | . . . . . . . . . . . . . . . . . . . . . . . 1 Light 1 | . . . . . . . . . . . . . . . . . . . . . . . 1 Fire 1 | . . . . . . . . . . . . . . . 1 . . . . . . . . Hacker 1 | . . . . . . . . . . . . . . . 1 . . . . . . . . Hero 1 | . . . . . . . . . . . . . . . . . . 1 . . . . . Melee Resupply 1 | . . . . . . . . . . . . . . 1 . . . . . . . . . Trap Resupply 1 | . . . . . . . . . . . . . . . 1 . . . . . . . . Zionite Resupply 2 | . . . . . . . . . . . . . . . . . . . . . . 1 1 Total Orders 28 | . . . . . . . . . . . . . 1 6 7 3 2 2 1 . 1 2 3 STAY 6 | . . . . . . . . . . . . . . 1 . 1 1 2 . . . 1 . FOLLOW 3 | . . . . . . . . . . . . . . 1 1 1 . . . . . . . DROP 4 | . . . . . . . . . . . . . . 1 . . 1 . . . . 1 1 EXPLORE 2 | . . . . . . . . . . . . . . 1 . . . . . . . . 1 RETURN 13 | . . . . . . . . . . . . . 1 2 6 1 . . 1 . 1 . 1 Ally Attacks 426 | . . . . . . . . . . . . . 35 20 99 49 33 153 1 . 14 . 22 Total Damage 13801 | . . . . . . . . . . . . . 1366 1654 2476 1030 693 4719 40 . 864 . 959 Kills 93 | . . . . . . . . . . . . . 11 11 16 10 4 33 1 . 4 . 3 Allies Corrupted 3 | . . . . . . . . . . . . . . 2 . . . 1 . . . . . Allies Melted 1 | . . . . . . . . . . . . . . . . . . . . . . . 1 Intel | -11 -10 -10 -10 -9 -8 -7 -7 -7 -6 -6 -6 -6 -5 -5 -5 -5 -5 -5 -4 -3 -3 -2 -1 ------- Run | Yrd Mat Min Exi Min Mat Fac Was Fac Fac Low Low Zio Pro Fac Ext Cet Arc Hub Fac Res Tes Res Acc Active Infowar (turns) 15729 | . . 1 . . 193 572 128 1746 572 283 1007 1221 572 1421 1288 431 370 1457 832 1039 930 471 1195 Optics 3549 | . . . . . . . . . . . 99 1221 572 1421 236 . . . . . . . . Sensors 10448 | . . 1 . . . . . 1601 425 271 985 1221 572 1271 624 . . 186 735 460 681 471 944 IFF 183 | . . . . . . . . . . . . . . . . . . . . . . . 183 T.N.C. 5560 | . . . . . . . . 1142 572 283 1007 1221 572 763 . . . . . . . . . Machine Analysis 1950 | . . . . . 193 572 128 . . . . . . . . . . . . . . . 1057 Cloaking 1 | . . . . . . . . . . 1 . . . . . . . . . . . . . Jamming 7469 | . . . . . . . . . 1 . . . 6 1420 1288 431 370 1457 832 1036 628 . . Robot Analysis Total . | . . . . . . . . . . . . . . . . . . . . . . . . Derelict Logs Recovered 6 | . . 1 . . . . . . . 1 2 2 . . . . . . . . . . . Drone Launches 13 | . . . . . . . . . . . . . 1 2 6 1 . . 1 . 1 . 1 Drone Recoveries 13 | . . . . . . . . . . . . . 1 2 6 1 . . 1 . 1 . 1 Zionite Intel Received 22 | . . . . . . . . . . . . . . 5 3 . . 4 1 . 5 1 3 Main Access 2 | . . . . . . . . . . . . . . 1 . . . . . . . 1 . Branch Access 1 | . . . . . . . . . . . . . . 1 . . . . . . . . . Emergency Access 5 | . . . . . . . . . . . . . . 1 1 . . 1 . . 1 . 1 Component Stockpiles 1 | . . . . . . . . . . . . . . . . . . . . . . . 1 Component Schematics 2 | . . . . . . . . . . . . . . 1 . . . . . . 1 . . Prototype Schematics 3 | . . . . . . . . . . . . . . . . . . . 1 . 1 . 1 Unaware Schematics 2 | . . . . . . . . . . . . . . . . . . 2 . . . . . Unaware Analyses 1 | . . . . . . . . . . . . . . 1 . . . . . . . . . Active Terminals 1 | . . . . . . . . . . . . . . . . . . . . . 1 . . Active Garrisons 2 | . . . . . . . . . . . . . . . 1 . . 1 . . . . . Depthwide Sectors/0 1 | . . . . . . . . . . . . . . . 1 . . . . . . . . Depthwide Sectors/-1 1 | . . . . . . . . . . . . . . . . . . . . . 1 . . Exploration | -11 -10 -10 -10 -9 -8 -7 -7 -7 -6 -6 -6 -6 -5 -5 -5 -5 -5 -5 -4 -3 -3 -2 -1 ------------- Run | Yrd Mat Min Exi Min Mat Fac Was Fac Fac Low Low Zio Pro Fac Ext Cet Arc Hub Fac Res Tes Res Acc Turns Passed 18086 | 23 75 449 198 281 1033 572 148 1998 572 283 1007 1221 572 1421 1288 431 370 1457 839 1042 965 471 1370 Spaces Moved 14081 | 35 141 639 390 529 703 328 147 1747 645 485 912 917 410 1061 703 167 111 635 586 668 653 374 1095 Core 4790 | 33 141 592 390 528 267 . 42 719 432 485 826 . . . . . . . . . . . 335 Treads . | . . . . . . . . . . . . . . . . . . . . . . . . Legs 9291 | 2 . 47 . 1 436 328 105 1028 213 . 86 917 410 1061 703 167 111 635 586 668 653 374 760 Wheels . | . . . . . . . . . . . . . . . . . . . . . . . . Hover . | . . . . . . . . . . . . . . . . . . . . . . . . Flight . | . . . . . . . . . . . . . . . . . . . . . . . . Fastest Speed 50 | 50 50 50 50 50 50 110 50 50 50 50 50 125 122 105 102 102 105 108 120 117 112 110 50 Average Speed 94 | 54 50 55 50 50 92 111 98 86 66 50 61 125 123 112 116 168 112 111 120 119 115 111 93 Slowest Speed 200 | 120 50 120 50 120 120 112 190 120 108 100 130 125 125 122 176 176 176 178 183 120 185 185 200 Overloaded Moves . | . . . . . . . . . . . . . . . . . . . . . . . . Propulsion Burnouts . | . . . . . . . . . . . . . . . . . . . . . . . . Robots Hopped . | . . . . . . . . . . . . . . . . . . . . . . . . Potential Cave-ins 3 | . . . . . . . . . . . . . . . . . . . . . . . 3 Cave-ins Triggered 1 | . . . . . . . . . . . . . . . . . . . . . . . 1 Exploration Rate (%) 51 | 3 18 91 62 75 62 9 83 53 20 59 78 90 61 41 84 65 67 43 16 23 72 17 32 Regions Visited 23 Branch Regions 12 Pre-discovered Areas 13 | . . . 1 . . . . . . 1 . . . . 9 . . . . . 2 . . Known Exits Taken 12 | . . . . . . . . 1 1 . . . 1 1 1 1 1 1 1 1 1 1 . Unknown Exits Taken 9 | 1 1 1 1 1 1 . . . . 1 1 1 . . . . . . . . . . . Scrap Searched 13 | . . 2 . 1 . . . . . 4 3 2 1 . . . . . . . . . . Spaces Dug 120 | . . . . . 20 2 . 14 4 . 5 . 2 24 . . . 4 11 8 10 2 14 Terrain Destroyed 120 | . . . . . 20 2 . 14 4 . 5 . 2 24 . . . 4 11 8 10 2 14 Melee 120 | . . . . . 20 2 . 14 4 . 5 . 2 24 . . . 4 11 8 10 2 14 Projectile . | . . . . . . . . . . . . . . . . . . . . . . . . AOE . | . . . . . . . . . . . . . . . . . . . . . . . . Terrain Rammed . | . . . . . . . . . . . . . . . . . . . . . . . . Walls Destroyed . | . . . . . . . . . . . . . . . . . . . . . . . . Machines Disabled . | . . . . . . . . . . . . . . . . . . . . . . . . Actions | -11 -10 -10 -10 -9 -8 -7 -7 -7 -6 -6 -6 -6 -5 -5 -5 -5 -5 -5 -4 -3 -3 -2 -1 --------- Run | Yrd Mat Min Exi Min Mat Fac Was Fac Fac Low Low Zio Pro Fac Ext Cet Arc Hub Fac Res Tes Res Acc Total 18052 | 37 146 723 393 535 969 489 149 2151 732 523 1353 991 472 1229 1088 318 342 1367 676 836 786 417 1330 Wait 2758 | . . 58 . 1 170 112 . 255 24 29 418 68 47 66 244 136 200 687 34 58 35 32 84 Move 14060 | 34 140 638 389 528 702 328 146 1746 645 484 911 916 409 1060 702 166 110 634 585 668 652 373 1094 Hop . | . . . . . . . . . . . . . . . . . . . . . . . . Pick Up 78 | 1 5 2 2 . 4 2 . 5 8 1 3 1 1 13 2 7 3 7 2 2 5 . 2 Fast Attach 139 | 2 . 3 . . 10 7 2 24 5 5 5 2 6 5 3 1 4 6 6 5 11 5 22 Attach 71 | . . 2 . . 4 1 . 15 5 . 4 . 3 2 3 . 1 1 1 12 8 2 7 Detach 44 | . . 3 . . . . . 11 2 2 4 2 1 3 4 1 2 1 . 1 . 1 6 Swap 111 | . . 3 . . . 3 . 18 1 . . . 1 21 30 2 5 5 7 7 6 . 2 Drop 93 | . 1 5 2 . 3 4 1 17 5 2 3 1 2 9 5 5 6 12 6 . . . 4 Fire . | . . . . . . . . . . . . . . . . . . . . . . . . Melee 631 | . . 9 . 6 76 25 . 58 32 . 5 1 2 50 60 . 11 14 35 82 60 4 101 Ram 12 | . . . . . . . . . 5 . . . . . . . . . . . . . 7 Kick 5 | . . . . . . 2 . 2 . . . . . . . . . . . 1 . . . Crush . | . . . . . . . . . . . . . . . . . . . . . . . . Escape Stasis 6 | . . . . . . 5 . . . . . . . . . . . . . . . . 1 Rewire 44 | . . . . . . . . . . . . . . . 35 . . . . . 9 . . Trap . | . . . . . . . . . . . . . . . . . . . . . . . . Miscellaneous . | . . . . . . . . . . . . . . . . . . . . . . . . Route ------- -11/Scrapyard -10/Materials -10/Mines (discovered 4 exits: [*Mat x2] / *Exi / [*Sub]) -10/Exiles (discovered 2 exits: [*Min x2]) -9/Mines -8/Materials (discovered 3 exits: *Fac x2 / *Sto) -7/Factory -7/Waste -7/Factory (discovered 3 exits: *Fac x3) -6/Factory (discovered 3 exits: *Fac x2 / *Low) -6/Lower Caves -6/Lower Caves -6/Zion -5/Proximity Caves -5/Factory (discovered 8 exits: *Fac x4 / *Upp x2 / *Ext x2) -5/Extension (discovered 2 exits: *Fac / *Cet) -5/Cetus (discovered 2 exits: *Fac / *Arc) -5/Archives -5/Hub_04(d) (discovered 2 exits: *Fac x2) -4/Factory -3/Research -3/Testing -2/Research (discovered 3 exits: *Acc x3) -1/Access History --------- Turn | Location | Event 3 | -11/Scrapyard | Discovered new exit (range 16) 24 | -11/Scrapyard | Entered Materials 29 | -10/Materials | Discovered new exit (range 15) 99 | -10/Materials | Entered Mines 102 | -10/Mines | Met a Derelict shopkeep closing up shop 146 | -10/Mines | Met a Derelict bent on vengeance 202 | -10/Mines | YI-UF0 nonchalantly dropped a Grenade Launcher on the ground 211 | -10/Mines | Escorted by a lone wolf Derelict 228 | -10/Mines | Deemed a non-threat by the Exiles lab entrance 268 | -10/Mines | Found a damaged Exp. Sensor Array with a note attached 269 | -10/Mines | Found Prototype Device 269 | -10/Mines | Identified Exp. Sensor Array 310 | -10/Mines | Build established: Mutant 346 | -10/Mines | Discovered new exit (range 6) 346 | -10/Mines | Discovered new exit (range 7) 435 | -10/Mines | Discovered new exit (range 8) 489 | -10/Mines | Discovered new exit (range 5) 548 | -10/Mines | Entered Exiles 548 | -10/Exiles | Accompanied by 1 ally 556 | -10/Exiles | Discovered new exit (range 15) 562 | -10/Exiles | Met 8R-AWN 568 | -10/Exiles | Met EX-HEX 585 | -10/Exiles | Met EX-BIN 592 | -10/Exiles | Aligned with FarCom system 592 | -10/Exiles | Given EX-Vault access code 604 | -10/Exiles | Opened EX-Vault 608 | -10/Exiles | Found Superbattery 619 | -10/Exiles | Warned to stay clear of 0b10 Research branches 634 | -10/Exiles | Met EX-DEC 638 | -10/Exiles | Learned location of Zion (-6) 693 | -10/Exiles | Found Chronowheel 740 | -10/Exiles | Discovered new exit (range 10) 746 | -10/Exiles | Stole two prototypes: Superbattery, Chronowheel 746 | -10/Exiles | Entered Mines 885 | -9/Mines | Core integrity fell below 50% 1016 | -9/Mines | Discovered new exit (range 8) 1027 | -9/Mines | Entered Materials 1027 | -8/Materials | Evolved 4 slots: Propulsion x2, Utility x2 1028 | -8/Materials | Identified exit to Storage 1218 | -8/Materials | Discovered new exit (range 11) 2058 | -8/Materials | Discovered new exit (range 3) 2060 | -8/Materials | Entered Factory 2060 | -7/Factory | Evolved 2 slots: Utility x2 2062 | -7/Factory | FarCom data flow suspended 2196 | -7/Factory | Fabricated R-06 Scavenger? 2469 | -7/Factory | Build established: Gladiator 2560 | -7/Factory | Lost 3 parts (2n1u) 2588 | -7/Factory | Fabricated Microactuators? 2632 | -7/Factory | Sucked down chute 2632 | -7/Factory | Entered Waste 2647 | -7/Waste | EMP discharged 2647 | -7/Waste | System corruption reached 10% 2656 | -7/Waste | Spotted C-40 Crusher 2685 | -7/Waste | Spotted C-40 Crusher 2696 | -7/Waste | Spotted C-40 Crusher 2697 | -7/Waste | Crushed by Compactor (1 part destroyed, 1 dropped) 2699 | -7/Waste | Spotted C-40 Crusher 2703 | -7/Waste | Crushed by Compactor (1 part destroyed, 1 dropped) 2721 | -7/Waste | Spotted C-40 Crusher 2747 | -7/Waste | EMP discharged 2756 | -7/Waste | Spotted C-40 Crusher 2757 | -7/Waste | Crushed by Compactor (1 part destroyed, 1 dropped) 2760 | -7/Waste | Crushed by Compactor (1 part destroyed, 2 dropped) 2766 | -7/Waste | Crushed by Compactor (1 part destroyed, 1 dropped) 2775 | -7/Waste | Discovered new exit (range 11) 2780 | -7/Waste | Entered Factory 2797 | -7/Factory | Lost 3 parts (2u1w) 3036 | -7/Factory | Discovered new exit (range 12) 3043 | -7/Factory | Build established: Mutant 3044 | -7/Factory | Identified exit to Factory 3938 | -7/Factory | Build established: Assassin 3947 | -7/Factory | Cargo convoy interrupted 3961 | -7/Factory | Discovered exit to Factory (range 15) 4157 | -7/Factory | Discovered exit to Factory (range 8) 4249 | -7/Factory | Build established: Gladiator 4251 | -7/Factory | Central database locked down 4778 | -7/Factory | Entered another Factory area 4778 | -6/Factory | Evolved 2 slots: Propulsion x1, Utility x1 4806 | -6/Factory | Lost 5 parts (2n3u) 5063 | -6/Factory | Lost 5 parts (1p3n1w) 5064 | -6/Factory | Core integrity fell below 50% 5161 | -6/Factory | Discovered new exit (range 6) 5163 | -6/Factory | Identified exit to Factory 5283 | -6/Factory | Discovered new exit (range 11) 5308 | -6/Factory | Discovered exit to Factory (range 15) 5310 | -6/Factory | Identified exit to Lower Caves 5342 | -6/Factory | Core integrity fell below 20% 5350 | -6/Factory | Entered Lower Caves 5352 | -6/Lower Caves | Encountered a Master Thief 5352 | -6/Lower Caves | Encountered a Master Thief 5355 | -6/Lower Caves | Superbattery stolen by Master Thief 5356 | -6/Lower Caves | Encountered a Master Thief 5359 | -6/Lower Caves | Adv. Sensor Array stolen by Master Thief 5365 | -6/Lower Caves | Arm. Leg stolen by Master Thief 5453 | -6/Lower Caves | Learned location of 1 exit from Factory 5453 | -6/Lower Caves | Learned location of 1 exit from Research 5578 | -6/Lower Caves | Encountered a Warlord checkpoint 5581 | -6/Lower Caves | Discovered new exit (range 7) 5633 | -6/Lower Caves | Entered another Lower Caves area 5635 | -6/Lower Caves | Encountered a Master Thief 5639 | -6/Lower Caves | Mak. Cloaking Device stolen by Master Thief 5721 | -6/Lower Caves | Learned Factory terminal intel 5725 | -6/Lower Caves | Learned Factory security intel 5729 | -6/Lower Caves | Attracted the attention of an 0b10 checkpoint 5775 | -6/Lower Caves | Spotted B-75 Beast 5940 | -6/Lower Caves | Build established: Mutant 6424 | -6/Lower Caves | Found DCF Scrap (15 items) 6632 | -6/Lower Caves | Discovered new exit (range 6) 6640 | -6/Lower Caves | Entered Zion 6730 | -6/Zion | Found CR-A16's Pointy Stick 6758 | -6/Zion | Discovered new exit (range 14) 6809 | -6/Zion | Build established: Derelict-Mutant 6815 | -6/Zion | Acquired unknown access codes intercepted by a Zionite 6918 | -6/Zion | Learned Factory terminal intel 6951 | -6/Zion | Learned Factory emergency access door positions 7006 | -6/Zion | Gained Derelict followers 7073 | -6/Zion | Given the Hacking Drone Bay 7073 | -6/Zion | Found Prototype Device 7073 | -6/Zion | Identified Hacking Drone Bay 7272 | -6/Zion | Given A8's code to call for help 7450 | -6/Zion | Met Imprinter 7471 | -6/Zion | Imprinted 7473 | -6/Zion | Declared Zion's savior 7606 | -6/Zion | Enhanced Grunt warped into view, answering call for help 7607 | -6/Zion | Enhanced Grunt warped into view, answering call for help 7861 | -6/Zion | Entered Proximity Caves 7861 | -5/Proximity Caves | Accompanied by 8 allies 7938 | -5/Proximity Caves | Learned location of 2 exits from Upper Caves 7938 | -5/Proximity Caves | Learned 8 Factory zone layouts 7938 | -5/Proximity Caves | Learned Research trap positions 7938 | -5/Proximity Caves | Learned Armory stockpile data 7953 | -5/Proximity Caves | Lost 3 allies 8375 | -5/Proximity Caves | Discovered exit to Factory (range 14) 8433 | -5/Proximity Caves | Entered Factory 8433 | -5/Factory | Accompanied by 4 allies 8433 | -5/Factory | Evolved 2 slots: Power x1, Utility x1 8434 | -5/Factory | Identified exit to Extension 8438 | -5/Factory | Loaded intel: 27 terminal locations 8493 | -5/Factory | Zion Melee Resupply teleported in 9069 | -5/Factory | Retrieved Zion intel report: Branch Access 9069 | -5/Factory | Identified exit to Upper Caves 9096 | -5/Factory | Identified exit to Factory 9113 | -5/Factory | Retrieved Zion intel report: Unaware Analyses 9143 | -5/Factory | Build established: Derelict-Gladiator 9221 | -5/Factory | Retrieved Zion intel report: Component Schematics 9499 | -5/Factory | Retrieved Zion intel report: Emergency Access 9622 | -5/Factory | Retrieved Zion intel report: Main Access 9693 | -5/Factory | Build established: Gladiator 9854 | -5/Factory | Entered Extension 10142 | -5/Extension | Retrieved Zion intel report: Emergency Access 10143 | -5/Extension | Zion Fire squad teleported in 10169 | -5/Extension | Rescued a captive Derelict 10263 | -5/Extension | Rescued a captive Derelict 10277 | -5/Extension | Rescued a captive Derelict 10289 | -5/Extension | Rescued a captive Derelict 10293 | -5/Extension | Rescued A7 10502 | -5/Extension | Spotted B-75 Beast 10503 | -5/Extension | Allies destroyed B-75 Beast 10507 | -5/Extension | Spotted B-75 Beast 10522 | -5/Extension | Allies destroyed B-75 Beast 10613 | -5/Extension | Rescued a captive Derelict 10613 | -5/Extension | Rescued a captive Derelict 10708 | -5/Extension | Rescued a captive Derelict 10735 | -5/Extension | Zion Hacker squad teleported in 10760 | -5/Extension | Zion Trap Resupply teleported in 10780 | -5/Extension | Rescued a captive Derelict 10869 | -5/Extension | Rescued a captive Derelict 10915 | -5/Extension | Rescued a captive Derelict 10916 | -5/Extension | Rescued a captive Derelict 10966 | -5/Extension | Retrieved Zion intel report: Depthwide Sectors/-5 11020 | -5/Extension | Retrieved Zion intel report: Active Garrisons 11029 | -5/Extension | Discovered exit to Factory (range 10) 11031 | -5/Extension | Discovered new exit (range 6) 11045 | -5/Extension | Identified exit to Cetus 11051 | -5/Extension | Build established: Commander-Gladiator 11142 | -5/Extension | Entered Cetus 11142 | -5/Cetus | Accompanied by 20 allies (A7) 11147 | -5/Cetus | Acquired a Cetus Manufacturing Module code from A7 11185 | -5/Cetus | Spotted Cetus Guard 11185 | -5/Cetus | Allies destroyed Cetus Guard 11187 | -5/Cetus | Spotted Cetus Guard 11192 | -5/Cetus | Spotted Cetus Guard 11193 | -5/Cetus | Allies destroyed Cetus Guard 11197 | -5/Cetus | Allies destroyed Cetus Guard 11227 | -5/Cetus | Lost 4 allies 11285 | -5/Cetus | Started Cetus Manufacturing Module 11310 | -5/Cetus | Manufactured an Enhanced Grunt 11311 | -5/Cetus | Escorted A7 to Cetus Mainframe 11333 | -5/Cetus | Discovered new exit (range 15) 11335 | -5/Cetus | Manufactured an Enhanced Grunt 11360 | -5/Cetus | Manufactured an Enhanced Grunt 11385 | -5/Cetus | Manufactured an Enhanced Grunt 11401 | -5/Cetus | Spotted Cetus Guard 11401 | -5/Cetus | Spotted Cetus Guard 11402 | -5/Cetus | Spotted Cetus Guard 11402 | -5/Cetus | Spotted Cetus Guard 11410 | -5/Cetus | Manufactured an Enhanced Grunt 11411 | -5/Cetus | Allies destroyed Cetus Guard 11415 | -5/Cetus | Allies destroyed Cetus Guard 11418 | -5/Cetus | Allies destroyed Cetus Guard 11419 | -5/Cetus | Allies destroyed Cetus Guard 11429 | -5/Cetus | Discovered exit to Factory (range 15) 11438 | -5/Cetus | Scared off Revision 17 11446 | -5/Cetus | Lost 4 allies 11519 | -5/Cetus | Identified exit to Archives 11573 | -5/Cetus | Entered Archives 11573 | -5/Archives | Accompanied by 17 allies (A7) 11578 | -5/Archives | Received a hacking code to weaken MAIN.C 11627 | -5/Archives | Discovered new exit (range 16) 11835 | -5/Archives | Found Prototype Device 11835 | -5/Archives | Identified Exp. Thermal Shield 11861 | -5/Archives | Identified exit to Hub_04(d) 11900 | -5/Archives | Build established: Commander-Mutant 11943 | -5/Archives | Entered Hub_04(d) 11943 | -5/Hub_04(d) | Accompanied by 13 allies 11986 | -5/Hub_04(d) | Zion hero teleported in (AD-0RF) 12157 | -5/Hub_04(d) | Discovered exit to Factory (range 13) 12163 | -5/Hub_04(d) | Retrieved Zion intel report: Active Garrisons 12231 | -5/Hub_04(d) | Discovered exit to Factory (range 10) 12288 | -5/Hub_04(d) | Retrieved Zion intel report: Unaware Schematics 12317 | -5/Hub_04(d) | Retrieved Zion intel report: Emergency Access 12324 | -5/Hub_04(d) | Retrieved Zion intel report: Unaware Schematics 12381 | -5/Hub_04(d) | Lost 3 allies 12543 | -5/Hub_04(d) | First assault squad dispatched 12734 | -5/Hub_04(d) | Build established: Mutant 13327 | -5/Hub_04(d) | Terminal network hard line cut 13400 | -5/Hub_04(d) | Entered Factory 13400 | -4/Factory | Accompanied by 1 ally (AD-0RF) 13400 | -4/Factory | Evolved 2 slots: Utility x1, Weapon x1 13401 | -4/Factory | Loaded intel: 26 terminal locations 13752 | -4/Factory | Retrieved Zion intel report: Prototype Schematics 14121 | -4/Factory | Discovered new exit (range 5) 14124 | -4/Factory | Identified exit to Research 14182 | -4/Factory | Spotted B-86 Titan 14239 | -4/Factory | Entered Research 14239 | -3/Research | Evolved 2 slots: Propulsion x1, Utility x1 14240 | -3/Research | Identified exit to Testing 14241 | -3/Research | Loaded intel: 78 trap records 14843 | -3/Research | Lost 4 parts (1p1n2u) 14856 | -3/Research | Build established: Gladiator 15043 | -3/Research | Lost 3 parts (2n1u) 15278 | -3/Research | System corruption reached 10% 15281 | -3/Research | Entered Testing 15303 | -3/Testing | Build established: Scavenger-Gladiator 15428 | -3/Testing | Unstable Terrabomb Derivative detonated 15472 | -3/Testing | Retrieved Zion intel report: Prototype Schematics 15491 | -3/Testing | Scanned by Researcher 15516 | -3/Testing | Rewired PL-GC9KWN873W 15613 | -3/Testing | Build established: Gladiator 15669 | -3/Testing | Fabricated C-55 Analyst? 15671 | -3/Testing | Retrieved Zion intel report: Component Schematics 15683 | -3/Testing | Retrieved Zion intel report: Depthwide Sectors/-2 15817 | -3/Testing | Retrieved Zion intel report: Active Terminals 15925 | -3/Testing | Lost 16 parts (2p7n4u3w) 16022 | -3/Testing | Discovered new exit (range 8) 16131 | -3/Testing | Core integrity fell below 50% 16144 | -3/Testing | Retrieved Zion intel report: Emergency Access 16195 | -3/Testing | Build established: Scavenger-Mutant 16222 | -3/Testing | Lost 4 parts (1p1n1u1w) 16230 | -3/Testing | System corruption reached 30% 16245 | -3/Testing | Identified exit to Research 16246 | -3/Testing | Entered Research 16246 | -2/Research | Evolved 2 slots: Utility x2 16406 | -2/Research | Retrieved Zion intel report: Main Access 16406 | -2/Research | Identified exit to Access 16407 | -2/Research | Zion Zionite Resupply teleported in 16424 | -2/Research | Found Prototype Protection 16424 | -2/Research | Identified Zio. Weapon Casing 16717 | -2/Research | Entered Access 16717 | -1/Access | Evolved 2 slots: Utility x2 16718 | -1/Access | Build established: Messiah-Mutant 16972 | -1/Access | Spotted B-99 Colossus 16998 | -1/Access | Revealed the true nature of CR-A16's Pointy Stick 16999 | -1/Access | Destroyed B-99 Colossus 17003 | -1/Access | Found Hvy. Reflective Plating 17024 | -1/Access | Lost 3 parts (1n2u) 17056 | -1/Access | Garrison activated, responded to threat 17142 | -1/Access | Crushed by falling debris 17173 | -1/Access | Lost 3 parts (1n2u) 17349 | -1/Access | Build established: Messiah-Gladiator 17434 | -1/Access | System corruption reached 10% 17466 | -1/Access | Found Hvy. Reflective Plating 17488 | -1/Access | Lost 6 parts (1p2n3u) 17523 | -1/Access | Garrison activated, responded to threat 17614 | -1/Access | Lost 3 parts (1p1n1u) 17706 | -1/Access | Retrieved Zion intel report: Prototype Schematics 17707 | -1/Access | Zion Heavy squad teleported in 17712 | -1/Access | Lost 7 parts (1p3n3u) 17754 | -1/Access | Zion Zionite Resupply teleported in 17912 | -1/Access | Released all parts (10) 17950 | -1/Access | Zion Light squad teleported in 18002 | -1/Access | Retrieved Zion intel report: Emergency Access 18031 | -1/Access | Core integrity fell below 50% 18037 | -1/Access | Retrieved Zion intel report: Component Stockpiles 18046 | -1/Access | Terminal network hard line cut 18074 | -1/Access | Core integrity fell below 20% 18087 | -1/Access | Destroyed by S-43 Plague with Heavy Machine Gun Last Messages --------------- >>\\ZION-SEEK-1 [ Targeting Guard Positions... ] 18042_ Terminal disabled. 18043_ System corrupted: Matter fused (-8). 18046_ ALERT: Terminal network compromised, cutting hard line. 18053_ Penetrated by Slug. 18062_ System corrupted: Matter fused (-6). 18065_ 1M-QA1(z) destroyed. 18069_ Slug penetrates Wall. 18071_ Slammed into A-15 Conveyor. 18071_ Destabilizing: Core damaged (-64). 18072_ Slammed into A-15 Conveyor. 18074_ Slammed into K-01 Serf. 18075_ S-43 Plague destroyed. 18076_ Slammed into K-01 Serf. 18078_ Slug penetrates Wall. 18083_ K-01 Serf cleans the Scanalyzer. 18084_ System corrupted: Component data lost. 18086_ K-01 Serf destroyed. Map ----- +----------------------------------------------------+ | ?????????????????????????????# #?? | | ?????????????????????????????## ###### #?? | | ??????????????????????????????# #????# "####+#?? | | ????????????????????########??# #??###+#### ? | | ????????????????????#! ?# #? # | | ????????????????????# ?# #? ??+ | | ????????????????????? " # # ! ?# | | ????????????????????# """ #*%[# ?# | | ????????????????????? """ = + = / = ! # | | ????????????????????# " # # # | | ????????????????????# # # ! # | | ????????????????????# ?## ## # | | ????????????????????#########??# ############ | | ???????????????????????????????# #??????????# | | ???????????????????????????????# #??????????# | | ???????????????????????????????# #???????????##### | | ????"?"?????????????#??????????# #???????????????? | | ????"?"?????????????# ?????????# #???????????????? | | ???""G""????????????# ???#######s######??????????? | | ????????????????????# ??# #??????????? | | ????????????????????# ??# s #??????????? | | ????????????????????# ?# s"""S""" #??????????? | | ???????????????????## ?# *""" """ #??????????? | | ???????????????????# ]#!% s #??????????? | | ???????????????????# # = s #??????????? | | ???????????????????# " @ s #??????????? | | ???????????????????# # #??????????? | | ???????????????????# # #??????????? | | ???????????????????## ?# #??????????? | | ????????????????????# k?# #??????????? | | ??????????????????? ??# #??????????? | | ??????????????????### ??##############??????????? | | ????????????????????#k???????????????????????????? | | ????????????????????# ???????????????????????????? | | ????????????????????#????????????????????????????? | | ?????????????????????????????????????????????????? | | ?????????????????????????????????????????????????? | | ?????????????????????????????????????????????????? | | ?????????????????????????????????????????????????? | | ?????????????????????????????????????????????????? | | ?????????????????????????????????????????????????? | | ?????????????????????????????????????????????????? | | ?????????????????????????????????????????????????? | | ?????????????????????????????????????????????????? | | ??????????????????????H??????????????????????????? | | ?????????????????????????????????????????????????? | | ?????????????????????????????????????????????????? | | ?????????????????????????????????????????????????? | | ?????????????????????????????????????????????????? | | ?????????????????????????????????????????????????? | +----------------------------------------------------+ Best States ------------- Heat Dissipation 72 Energy Generation 43 Energy Capacity 1110 Matter Stores 300 Matter Capacity 300 Sight Range 22 Robot Scan Range 20 Terrain Scan Density 10 Jamming Range 14 Armor Coverage 1425 Resistance: TH 30 Weapon Shielding 100 Melee Speed Boost 50 Phase Shifting 10 Evasion (%) 80 Melee Accuracy 24 Core Analysis 6 Offensive Hacking 10 Authchip Count 1 Trap Extractor Capacity 4 Item Schematics ----------------- Magnetic Acceleration Cannon | -6/Zion | Archive Mass Driver | -6/Zion | Archive Lgt. Angular Momentum Engine | -6/Zion | Archive Imp. Shock Absorption System | -6/Zion | Archive Hvy. Flak Cannon | -6/Zion | Archive Neutrino Core | -6/Zion | Archive Lyr. Medium Armor Plating | -6/Zion | Archive Myomer Leg | -6/Zion | Archive Adv. System Shield | -6/Zion | Archive Focal Shield | -6/Zion | Archive Imp. Hacking Suite | -6/Zion | Archive Hvy. Phase Cannon | -6/Zion | Archive Adv. Transmission Jammer | -6/Zion | Archive Imp. Target Analyzer | -6/Zion | Archive Mni. Drone Bay | -6/Zion | Archive Propulsion Shielding | -5/Factory | Z-intel Adv. Terrain Scanner | -5/Factory | Z-intel Hcp. Storage Unit | -5/Factory | Z-intel Hpw. Shock Rifle | -5/Factory | Z-intel Gravmag Array | -5/Factory | Z-intel Kinecellerator | -5/Factory | Z-intel Adv. Trap Extractor | -5/Factory | Z-intel Cloaking Device | -5/Factory | Z-intel Tesla Rifle | -5/Factory | Z-intel Thermic Laser | -5/Factory | Z-intel Arm. Leg | -5/Factory | Z-intel Gyrokinetic Inverter | -5/Factory | Z-intel Kinetic Spear | -4/Factory | Z-intel Exp. ECM Suite | -4/Factory | Z-intel Adv. Dynamic Insulation System | -4/Factory | Z-intel Mni. Smartbomb Launcher | -4/Factory | Z-intel Enh. Armored Leg | -4/Factory | Z-intel Adv. Gravity Neutralizer | -4/Factory | Z-intel Com. Tesla Bomb Launcher | -4/Factory | Z-intel Neutron Cannon | -4/Factory | Z-intel Imp. Energy Well | -4/Factory | Z-intel Lrn. Phase Cannon | -4/Factory | Z-intel Cld. Aerolev Unit | -4/Factory | Z-intel Imp. Lightning Gun | -3/Testing | Z-intel Hvy. Wave Gun | -3/Testing | Z-intel Electron Diverter | -3/Testing | Z-intel Graviton Reactor | -3/Testing | Z-intel Adv. Myomer Leg | -3/Testing | Z-intel Exp. Signal Interpreter | -3/Testing | Z-intel Multireflex Exoskeleton | -3/Testing | Z-intel Centrium Light Armor Plating | -3/Testing | Z-intel Exp. Optical Array | -3/Testing | Z-intel Exp. System Shield | -3/Testing | Z-intel Neutron Missile Launcher | -3/Testing | Z-intel Exp. Targeting Computer | -3/Testing | Z-intel Imp. Diametric Drive | -3/Testing | Archive Com. Particle Reactor | -3/Testing | Archive Adv. Variable Charge Gun | -3/Testing | Archive Gravity Neutralizer | -3/Testing | Archive Exp. Thermal Defense Suite | -3/Testing | Archive Gravity Flail | -3/Testing | Archive Com. Mass Driver | -3/Testing | Archive Imp. Linear Gravjet | -3/Testing | Z-intel Hyp. Railgun | -3/Testing | Z-intel Adv. Coolant Injector | -3/Testing | Z-intel Adv. Recalibrator | -3/Testing | Z-intel Huge Storage Unit | -3/Testing | Z-intel EM Shield | -3/Testing | Z-intel Lgt. Particle Reactor | -3/Testing | Z-intel Antigrav Array | -3/Testing | Z-intel Hvy. Pick | -3/Testing | Z-intel Adv. Corruption Screen | -3/Testing | Z-intel Imp. Thermal Shield | -3/Testing | Z-intel Impulse Thruster | -3/Testing | Z-intel Matter Compressor | -3/Testing | Z-intel Adv. Medium Treads | -3/Testing | Z-intel Hpw. Tractor Beam | -3/Testing | Z-intel Com. Matter Pod | -3/Testing | Z-intel Cld. Field Propulsion Drive | -1/Access | Z-intel Cld. Antigrav System | -1/Access | Z-intel Prc. Energy Filter | -1/Access | Z-intel Exp. Shield Generator | -1/Access | Z-intel Vibroblade | -1/Access | Z-intel Diametric Drive | -1/Access | Z-intel Exp. Matter Compressor | -1/Access | Z-intel Helical Railgun | -1/Access | Z-intel Hvy. Tesla Rifle | -1/Access | Z-intel Exp. Field Recycling Unit | -1/Access | Z-intel Robot Schematics ------------------ X-67 Chaingunner | -6/Zion | Archive R-06 Scavenger | -6/Zion | Archive A-15 Conveyor | -6/Zion | Archive Y-72 Warden | -6/Zion | Archive T-07 Excavator | -5/Hub_04(d) | Z-intel R-10 Processor | -5/Hub_04(d) | Z-intel G-50 Soldier | -5/Hub_04(d) | Z-intel S-27 Virus | -5/Hub_04(d) | Z-intel I-36 Angel | -5/Hub_04(d) | Z-intel A-02 Transporter | -5/Hub_04(d) | Z-intel K-01 Serf | -5/Hub_04(d) | Z-intel X-72 Disruptor | -5/Hub_04(d) | Z-intel Fabricated ------------ R-06 Scavenger | x2 | -7/Factory | Preloaded Microactuators | x2 | -7/Factory | Preloaded C-55 Analyst | x1 | -3/Testing | Preloaded Repaired ---------- Nothing Studied --------- Carbon-fiber Leg | -8/Materials | Hacked Imp. Carbon-fiber Leg | -7/Factory | Hacked Chainsword | -6/Factory | Hacked Titanium Leg | -6/Factory | Hacked VSS Leg | -6/Factory | Hacked Arm. Leg | -5/Factory | Hacked Flexi-carbon Leg | -5/Factory | Hacked Imp. Thunder Leg | -3/Testing | Hacked Dual-blade Saw | -3/Testing | Hacked Alien Tech Used ----------------- None Achievements -------------- King Drone Melee Specialist Myspace We Love MA Challenges ------------ None Game ------ Seed NavigationHardenedDissipator Manual? 0 Play Time 02:17:13 Cumulative 240.8 hours Start 2025.12.29 @ 17:06:47 End 2025.12.29 @ 22:40:07 Sessions 7 Manual Loads 0 Difficulty Rogue Special Mode None Game No. 224 Rogue 224 Adventurer 0 Explorer 0 Win Type - Total 11 Types 8/0/2/0/0/0/0/0/0/1 Lore% 87 Gallery% 77 Achievement% 61 Wizard Run 0 Options --------- Layout 1 ASCII 0 Keyboard 1 Movement Arrows Keybinds 0 Fullscreen 1 Font 24/Smallcaps Map View 50x40 Zoom Use 0% Tactical HUD 1 Map Filters NONE Filters NONE Steam 1 RUN: 6a49b1f1-727e-41dd-8296-51361aef6a77